[Event "Early-Titled-Tuesday-Blitz-May-14-2024"]
[Site "Chess.com"]
[Date "2024.05.14"]
[Round "4"]
[White "Galileo22"]
[Black "emeli_chess"]
[Result "1-0"]
[WhiteElo "2658"]
[BlackElo "2446"]
[TimeControl "180+1"]
[EndTime "8:41:47 PDT"]
[Termination "Galileo22 won by resignation"]

1. Nf3 d5 2. b3 Bg4 3. e3 e5 4. h3 Bxf3 5. Qxf3 c6 6. Bb2 Nd7 7. Qg3 Ngf6 8. Bxe5 Nxe5 9. Qxe5+ Be7 10. Bd3 O-O 11. O-O Re8 12. Qf5 g6 13. Qf3 Ne4 14. Bxe4 dxe4 15. Qe2 Bf6 16. Nc3 b5 17. Rad1 Qd6 18.
Qg4 Bxc3 19. dxc3 Qe5 20. Rd7 Rad8 21. Rfd1 Rxd7 22. Qxd7 Re6 23. Qd8+ Kg7 24. Qd4 Qxd4 25. cxd4 b4 26. a3 bxa3 27. Ra1 c5 28. Rxa3 cxd4 29. exd4 e3 30. fxe3 Rxe3 31. Rxa7 Re2 32. c4 Rd2 33. d5 Kf6 34. Rc7 Rb2 35. Rb7 Ke5 36. Rxf7 Rxb3 37. Rxh7 Rc3 38. Rc7 Rc2 39. Kh2 Rc3 40. Rc6 g5 41.
Rc8 Kf4 42. d6 Rd3 43. c5 Ke5 44. Rg8 Ke6 45. Rxg5 Kd7 46. Rg3 Rd1 47. Rc3 Kc6 48.
h4 Rd4 49. Kh3 Re4 50. g3 Rd4 51. h5 Re4 52. g4 Rd4 53. Kh4 Kd7 54. h6 Kc6 55. h7 1-0

[Event "Early-Titled-Tuesday-Blitz-May-14-2024"]
[Site "Chess.com"]
[Date "2024.05.14"]
[Round "4"]
[White "urano56"]
[Black "Witik"]
[Result "0-1"]
[WhiteElo "2413"]
[BlackElo "2766"]
[TimeControl "180+1"]
[EndTime "8:41:48 PDT"]
[Termination "Witik won by resignation"]

1. e4 e5 2. Nf3 Nc6 3. Bc4 Nf6 4. d3 Bc5 5. O-O d6 6. c3 a6 7. Nbd2 b5 8. Bb3 O-O 9. Re1 Bb6 10. Nf1 Ne7 11.
Bg5 Ng6 12. Ng3 h6 13. Be3 Bxe3 14. fxe3 Re8 15. Rf1 Be6 16. Nf5 d5 17. Bc2 c6 18.
Qe1 Qb6 19. Kh1 Rad8 20. N3h4 Nxh4 21. Qxh4 Bxf5 22. Rxf5 dxe4 23. d4 exd4 24. exd4 c5 25. Rxc5 b4 26. Rf1 bxc3 27. bxc3 e3 28. Bd3 Qe6 29. a4 Ne4 30. Bxe4 Qxe4 31. Qxe4 Rxe4 32.
Re1 Rb8 33. Re5 Rxe5 34. dxe5 Rb3 35. Rc1 e2 36. Kg1 Rxc3 37. Re1 Re3 38. Kf2 Rxe5 39. Kf3 Kf8 40. Kf4 f6 41. g3 a5 42.
Kf3 Ke7 43. h4 Ke6 44. Kf2 h5 45. Kf3 Kf5 46. Kf2 Kg4 47. Kg2 Re3 48. Kf2 Re4 49. Kg2 g5 50. hxg5 fxg5 51. Kf2 Re5 52. Kg2 Kf5 53. Kf2 Re4 54. Kf3 Ke5 55. Kf2 g4 56.
Kg2 Kd4 57. Kf2 Kd3 58. Kg2 Kd2 59.
Kf2 Re6 0-1

[Event "Early-Titled-Tuesday-Blitz-May-14-2024"]
[Site "Chess.com"]
[Date "2024.05.14"]
[Round "4"]
[White "FollowRivers"]
[Black "Mikasinski"]
[Result "1-0"]
[WhiteElo "2482"]
[BlackElo "2664"]
[TimeControl "180+1"]
[EndTime "8:41:49 PDT"]
[Termination "FollowRivers won on time"]

1. Nf3 Nf6 2. b3 d6 3. d4 g6 4. Bb2 Bg7 5. e3 O-O 6. Be2 e5 7. dxe5 Nfd7 8. c4 dxe5 9. Nc3 e4 10. Nd4 Re8 11. Qc2 Bxd4 12. exd4 Nc6 13. Rd1 Nb4 14. Qb1 Nd3+ 15. Bxd3 exd3+ 16. Kf1 Nf6 17. Qxd3 Bf5 18.
Qd2 Qd7 19. h3 Rad8 20. g4 Be4 21. Nxe4 Nxe4 22. Qf4 Qc6 23. d5 Qa6 24. a4 Qb6 25.
Rd3 Qd6 26. Qh6 f6 27. Kg2 Nc5 28. Rf3 Nd7 29. g5 Qf8 30. Qxf8+ Rxf8 31. gxf6 Kf7 32. Re1 Rfe8 33. Rfe3 Rxe3 34. Rxe3 Re8 35. Kf3 Nc5 36. Rxe8 Kxe8 37. Be5 c6 38. dxc6 bxc6 39. Bd4 Nxb3 40.
Bxa7 Nd2+ 41. Kf4 Nxc4 42. Kg5 Kf7 43. Bd4 Nd2 44. Kh6 Nf3 45. Bc3 Ke6 46. Kg7 Ng5 47.
h4 Nf7 48. a5 c5 49. a6 Nd6 50. a7 Ne8+ 51. Kf8 Nc7 52. f7 Kd7 53. Kg8 1-0

[Event "Early-Titled-Tuesday-Blitz-May-14-2024"]
[Site "Chess.com"]
[Date "2024.05.14"]
[Round "4"]
[White "Raud100"]
[Black "Balla_Tamas"]
[Result "1-0"]
[WhiteElo "2368"]
[BlackElo "2534"]
[TimeControl "180+1"]
[EndTime "8:41:49 PDT"]
[Termination "Raud100 won by resignation"]

1. d4 d5 2. c4 e6 3. Nc3 c5 4.
cxd5 exd5 5. Nf3 Nc6 6. g3 Nf6 7. Bg2 cxd4 8. Nxd4 Bc5 9. e3 Bg4 10. Qa4 Bd7 11. Qd1 O-O 12. O-O Re8 13. Nce2 Ne4 14. b3 a5 15. Bb2 a4 16. Rc1 a3 17. Ba1 Bb6 18. Nf4 Rc8 19. Nxd5 Bxd4 20. Bxd4 Nxd4 21. Qxd4 Rxc1 22. Rxc1 Ng5 23. Nf4 Bf5 24. Bxb7 Qa5 25. h4 Rd8 26. Qc5 Qd2 27. hxg5 Bg4 28. Qc2 Qd6 29.
Kg2 Qe5 30. Bf3 Bxf3+ 31. Kxf3 Qxg5 32. Qc5 Qf6 33. Qxa3 g5 34. Qc5 gxf4 35. gxf4 Kh8 36. Qe5 Qxe5 37. fxe5 Rd2 38. Rc8+ Kg7 39. Ra8 Rb2 40.
Ra4 Kg6 41. Ra7 h5 42. Kg3 Rc2 43. b4 Rc4 44. b5 Rb4 45. a4 Kf5 46. Rxf7+ Kxe5 47. Rf4 Rb2 48. Kh4 Rb1 49. Kxh5 Rh1+ 50. Kg4 Rg1+ 51. Kf3 Rc1 52. Rb4 Rc8 53. b6 Kd5 54. b7 Rb8 55. a5 Kc5 56. Rb1 Rf8+ 57. Ke2 Kc6 58. a6 1-0

[Event "Early-Titled-Tuesday-Blitz-May-14-2024"]
[Site "Chess.com"]
[Date "2024.05.14"]
[Round "4"]
[White "KirAk47"]
[Black "viktorskliarov"]
[Result "1-0"]
[WhiteElo "2464"]
[BlackElo "2662"]
[TimeControl "180+1"]
[EndTime "8:41:50 PDT"]
[Termination "KirAk47 won by resignation"]

1. c4 e5 2. g3 Nf6 3. Bg2 c6 4. Nf3 e4 5. Nd4 d5 6. cxd5 Qxd5 7. Nc2 Qh5 8. h3 Qg6 9. Ne3 Bd6 10. Nc3 O-O 11. Qc2 Re8 12. b3 Nbd7 13. Bb2 Nb6 14. O-O-O Nbd5 15. Nexd5 cxd5 16. Nb5 Be5 17. Bxe5 Rxe5 18.
Qc7 Re8 19. Kb2 Bd7 20. Nd4 b6 21. Rc1 h5 22. Qf4 Rac8 23. Rxc8 Rxc8 24. Rc1 Rxc1 25.
Kxc1 Kh7 26. Kb2 Qh6 27. Qxh6+ Kxh6 28. h4 Ng4 29. f3 exf3 30. exf3 Nf6 31. Kc3 g5 32.
hxg5+ Kxg5 33. Ne2 h4 34. f4+ Kg4 35. gxh4 Nh5 36. Bxd5 Nxf4 37. Nxf4 Kxf4 38. Bxf7 Kg4 39. h5 Kg5 40. Kd4 Bg4 41. Ke5 Bf3 42. d4 Be2 43. d5 Bb5 44. d6 Bd7 45. Be6 Bc6 46. d7 Bxd7 47. Bxd7 Kxh5 48. Kd6 Kg6 49. Kc7 Kf7 50. Kb7 Ke7 51. Kxa7 Kxd7 52. Kxb6 Kc8 53. a4 Kb8 54. b4 Ka8 55. b5 Kb8 56. a5 Ka8 57. Kc7 Ka7 58. b6+ Ka8 59. b7+ Ka7 60. b8=Q+ 1-0

[Event "Early-Titled-Tuesday-Blitz-May-14-2024"]
[Site "Chess.com"]
[Date "2024.05.14"]
[Round "4"]
[White "mightysmasher"]
[Black "Acva-Alenok"]
[Result "1-0"]
[WhiteElo "2554"]
[BlackElo "2360"]
[TimeControl "180+1"]
[EndTime "8:41:50 PDT"]
[Termination "mightysmasher won by checkmate"]

1. e4 c6 2. d4 d5 3. Nd2 dxe4 4. Nxe4 Bf5 5. Ng3 Bg6 6. h4 h6 7. h5 Bh7 8. Bd3 Bxd3 9. Qxd3 e6 10. Nf3 Nd7 11.
Bd2 Ngf6 12. O-O-O Be7 13. c4 O-O 14. Bc3 b5 15. c5 Nd5 16. Ne4 N7f6 17. Nxf6+ Bxf6 18. g4 Nf4 19. Qe4 Nd5 20. Bd2 Ne7 21. g5 hxg5 22.
Nxg5 Bxg5 23. Bxg5 Qd5 24. Qg4 Nf5 25. Bf6 Kh7 26. Be5 Qxa2 27. Rdg1 Rg8 28. h6 g6 29. Qg5 Qa1+ 30. Kc2 Qa4+ 31. Kb1 Nxd4 32. Bxd4 Qxd4 33. Qe7 Rgf8 34. Rh4 Qd3+ 35. Ka1 Rad8 36. Qf6 Rg8 37. Qxf7+ Kh8 38. Qf6+ Kh7 39. Qf7+ Kh8 40. h7 Rg7 41. Qf6 Re8 42. Rd4 Qb3 43. Rxg6 Re7 44. Rd8+ Kxh7 45.
Rh6# 1-0

[Event "Early-Titled-Tuesday-Blitz-May-14-2024"]
[Site "Chess.com"]
[Date "2024.05.14"]
[Round "4"]
[White "AnnaChessLook"]
[Black "Likvidator228"]
[Result "1/2-1/2"]
[WhiteElo "2357"]
[BlackElo "2540"]
[TimeControl "180+1"]
[EndTime "8:41:51 PDT"]
[Termination "Game drawn by repetition"]

1. d4 f5 2. g3 Nf6 3. Bg2 g6 4. Nh3 Bg7 5. O-O O-O 6. c4 d6 7. b3 e5 8. Bb2 Qe7 9. Nd2 c6 10. dxe5 dxe5 11. Nf3 Nbd7 12. Qc2 e4 13.
Nd4 Ne5 14. Rad1 Bd7 15. f3 Rad8 16. fxe4 Nxe4 17. Nf4 Ng4 18. Bc1 Bc8 19. e3 Rfe8 20. Rfe1 Nc5 21. Nf3 Rxd1 22. Qxd1 Ne4 23. Qc2 Be6 24.
h3 Ngf6 25. Nd4 Bf7 26. Kh2 a6 27.
Bb2 c5 28. Nf3 g5 29. Nd3 g4 30. Nfe5 gxh3 31. Bxh3 Be6 32. Nf4 Nd7 33. Nxd7 Bxd7 34. Bxg7 Qxg7 35. Rg1 Kh8 36. Nd5 Qe5 37. Qe2 Rg8 38.
Qf3 Ng5 39. Qf4 Qxf4 40. gxf4 Nxh3 41. Rxg8+ Kxg8 42. Kxh3 Kf7 43. Kh4 Bc6 44. Kg5 Bd7 45. Nb6 Be6 46. Nd5 Kg7 47. Nc3 h6+ 48. Kh5 Bf7+ 49. Kh4 Kf6 50. Na4 b5 51. Nxc5 bxc4 52. Nxa6 cxb3 53. axb3 Bxb3 54. Nc5 Bd5 55. Kh5 Kg7 56. Nd7 Bf3+ 57. Kh4 Be2 58. Ne5 Bd1 59. Nc4 Bc2 60. Nd6 Bd3 61. Kh5 Be2+ 62. Kh4 Bd3 63. Kh5 Be2+ 64. Kh4 Bd3 1/2-1/2

[Event "Early-Titled-Tuesday-Blitz-May-14-2024"]
[Site "Chess.com"]
[Date "2024.05.14"]
[Round "4"]
[White "TreinadorBR"]
[Black "Djager97"]
[Result "0-1"]
[WhiteElo "2330"]
[BlackElo "2539"]
[TimeControl "180+1"]
[EndTime "8:41:51 PDT"]
[Termination "Djager97 won by resignation"]

1. e4 e6 2. d4 d5 3. Nd2 c5 4. Ngf3 cxd4 5. exd5 Qxd5 6. Bc4 Qd6 7. O-O Nf6 8. Nb3 Nc6 9. Nbxd4 Nxd4 10. Nxd4 Be7 11.
c3 O-O 12. Qe2 Qc7 13. Nb5 Qc6 14. Nd4 Qc7 15. Bg5 a6 16. Rad1 Bd7 17. Bb3 Bc6 18. Rd3 Be4 19. Rg3 Bg6 20. Bc2 Rad8 21. Re1 Qb6 22.
b4 Rfe8 23. a3 Nd5 24. Bxe7 Nxe7 25. Bxg6 Nxg6 26. Rg5 Rc8 27. Qf3 Qc7 28. Re3 Qd6 29. g3 Rc7 30. h4 h6 31. Rh5 Rec8 32.
a4 Ne7 33. a5 Nd5 34. Rxd5 Qxd5 35. Qxd5 exd5 36. b5 Rxc3 37. bxa6 bxa6 38. Re7 R3c7 39.
Re5 Rc5 40. Nf5 Kf8 41. Nd6 Rd8 42. Nb7 Rc1+ 43. Kg2 Rb8 44. Nd6 d4 45. Rd5 Rd8 46.
Rxd4 Rc6 47. Nf5 Rxd4 48. Nxd4 Rc5 49. Nb3 Rb5 50. Nd4 Rxa5 51. Kf3 Ra1 52. Ke4 Ke7 53.
Kd5 g6 54. Kc4 Ra2 55. f4 Rg2 56. f5 Rxg3 57. fxg6 fxg6 58. Kd5 Rd3 59. Ke4 Rxd4+ 0-1

[Event "Early-Titled-Tuesday-Blitz-May-14-2024"]
[Site "Chess.com"]
[Date "2024.05.14"]
[Round "4"]
[White "Matols"]
[Black "AlexanderKing"]
[Result "0-1"]
[WhiteElo "2356"]
[BlackElo "2552"]
[TimeControl "180+1"]
[EndTime "8:41:52 PDT"]
[Termination "AlexanderKing won by resignation"]

1. d4 Nf6 2. c4 g6 3. g3 Bg7 4. Bg2 O-O 5. Nc3 c5 6. d5 d6 7. Nf3 e6 8. O-O exd5 9. cxd5 Re8 10. Nd2 a6 11. a4 Qc7 12. Nc4 Nbd7 13. Bf4 Bf8 14.
e4 Rb8 15. a5 b5 16. axb6 Nxb6 17. Na5 Bd7 18. Nc6 Bxc6 19. dxc6 Nc4 20. Nd5 Nxd5 21. exd5 Nxb2 22. Qc2 Rb6 23. Rfb1 Reb8 24. Qxc5 g5 25. Qd4 Bg7 26. Qe4 gxf4 27. gxf4 Nc4 28. Rxb6 Nxb6 29.
Re1 a5 30. f5 a4 31. f6 Bxf6 32. Qg4+ Kh8 33. Qf5 Be5 34. Be4 Rg8+ 35. Kh1 Rg7 36. Rg1 Rxg1+ 37. Kxg1 f6 38. Qe6 Kg7 39. Qe8 a3 40. Bb1 Nxd5 41. Qd7+ Kh6 42. Qxc7 Nxc7 43. Ba2 Kg5 44. Kg2 Kf4 45. f3 Bd4 46. h3 Bc5 47. h4 Ke5 48. Bb3 d5 49. Ba2 h6 50. Kg3 Kd6 51. Kg4 Kxc6 52. Kf5 Ne8 53. Ke6 d4 54. Kf7 Nc7 55. Kxf6 d3 56. Kg6 d2 57. Bb3 a2 58.
Ba4+ Kd6 0-1

[Event "Early-Titled-Tuesday-Blitz-May-14-2024"]
[Site "Chess.com"]
[Date "2024.05.14"]
[Round "4"]
[White "Sasha_Solovev_777"]
[Black "tomesao"]
[Result "1-0"]
[WhiteElo "2210"]
[BlackElo "2449"]
[TimeControl "180+1"]
[EndTime "8:41:53 PDT"]
[Termination "Sasha_Solovev_777 won by resignation"]

1. e4 e6 2. d4 d5 3. Nc3 Bb4 4. Ne2 Nc6 5. a3 Bxc3+ 6. Nxc3 dxe4 7. Bb5 Nf6 8. Bg5 h6 9. Bxf6 Qxf6 10. Bxc6+ bxc6 11.
Nxe4 Qf4 12. Qf3 Qxf3 13. gxf3 Rb8 14. b4 a5 15. c3 f6 16. f4 Kf7 17. O-O-O g5 18. fxg5 hxg5 19. Nc5 axb4 20. axb4 Ra8 21. Kb2 Rh3 22. Rd3 Rh4 23. Re3 Rf4 24. f3 Rh4 25.
Kb3 Rh3 26. Rd3 f5 27. Rg1 Kf6 28. Rg2 Ra1 29. f4 gxf4 30. Rxh3 Ba6 31. Rh6+ Ke7 32. Rxe6+ Kf7 33. Reg6 f3 34. Rg7+ Kf8 35. Rg8+ Ke7 36. Rf2 Be2 37. h4 Rf1 38. Rxf1 Bxf1 39. Rg1 Be2 40.
Re1 Kf6 41. Kc2 f2 42. Rc1 Kg6 43. Kd2 f1=Q 44. Rxf1 Bxf1 45. Ke3 Kh5 46. Kf4 Bh3 47. Nd7 Kxh4 48. Ne5 Bg2 49. Kxf5 Kg3 50. Ke6 Kf2 51.
Kd7 Ke3 52. Nxc6 Kd2 53. Kxc7 Kxc3 54. b5 Kc4 55. b6 Kb5 56. b7 1-0

[Event "Early-Titled-Tuesday-Blitz-May-14-2024"]
[Site "Chess.com"]
[Date "2024.05.14"]
[Round "4"]
[White "alvarorodriguezavila"]
[Black "dianamirza"]
[Result "0-1"]
[WhiteElo "2310"]
[BlackElo "1956"]
[TimeControl "180+1"]
[EndTime "8:41:53 PDT"]
[Termination "dianamirza won on time"]

1. e4 d5 2. exd5 Qxd5 3. Nc3 Qd8 4. d4 Nf6 5. Nf3 Bg4 6. Bc4 e6 7. h3 Bxf3 8. Qxf3 c6 9. Bg5 Be7 10. O-O-O b5 11. Bxb5 Qb6 12. Kb1 O-O 13. Bc4 Nbd7 14. g4 Rfb8 15. Bb3 a5 16. Na4 Qc7 17. Rhe1 c5 18.
Bf4 Qb7 19. Qxb7 Rxb7 20. f3 cxd4 21. Rxd4 Nc5 22. Red1 h5 23. g5 Nfd7 24. Nxc5 Nxc5 25. Bc4 a4 26. g6 Bf6 27. c3 Bxd4 28. Rxd4 fxg6 29.
Bd6 Rc8 30. Bxc5 Rxc5 31. Bxe6+ Kh7 32. Kc1 Re7 33. Re4 Rcc7 34. Bd5 Rxe4 35. Bxe4 Rd7 36.
Bc2 Kh6 37. Bxa4 Rf7 38. Bb3 Rxf3 39. a4 Rxh3 40. a5 Rh1+ 41. Kc2 Re1 42. Bc4 Re7 43. b4 h4 44. a6 h3 45. b5 h2 46.
Bd5 Kg5 47. b6 Rd7 48. a7 Rxd5 49. a8=Q h1=Q 50. b7 Qg2+ 51. Kb3 Rb5+ 52. Kc4 Qxb7 53. Qd8+ Kh6 54. Qh4+ Rh5 55. Qf4+ g5 56. Qd6+ Kh7 57. Qd3+ g6 58. Qd7+ Qxd7 0-1

[Event "Early-Titled-Tuesday-Blitz-May-14-2024"]
[Site "Chess.com"]
[Date "2024.05.14"]
[Round "4"]
[White "praveenb2002"]
[Black "wonderfultime"]
[Result "0-1"]
[WhiteElo "2865"]
[BlackElo "3066"]
[TimeControl "180+1"]
[EndTime "8:41:56 PDT"]
[Termination "wonderfultime won on time"]

1. c4 c6 2. Nf3 Nf6 3. d4 d5 4. e3 a6 5. Nc3 Bf5 6. Ne5 h6 7. Qb3 Ra7 8. cxd5 cxd5 9. Bd2 e6 10. Rc1 Nbd7 11. Nxd7 Nxd7 12. Bb5 Bd6 13. Bxd7+ Qxd7 14. Na4 O-O 15. Nb6 Qd8 16. Nc8 Qg5 17. g3 Be4 18. Rf1 Rxc8 19. Rxc8+ Kh7 20. Qb6 Bf3 21. Qxd6 Qf5 22. Qc5 b6 23. Qc2 Be4 24. Qc1 e5 25. f3 Bd3 26. Rf2 exd4 27. exd4 Re7+ 28. Be3 Bc4 29. b3 Qd3 30. bxc4 Rxe3+ 31. Qxe3 Qxe3+ 32. Re2 Qg1+ 33. Kd2 Qxd4+ 34. Ke1 dxc4 35. Re4 Qg1+ 36. Ke2 Qxh2+ 37. Ke3 b5 38. Rf4 Qxg3 39. Rxf7 Qe5+ 40. Kf2 Qb2+ 41. Kg3 Qe5+ 42. Kf2 Qd4+ 43. Kg3 Qg1+ 44. Kh3 Qg6 45. Rcc7 c3 46. Rfe7 b4 47. f4 c2 48.
Kh2 a5 49. f5 Qd6+ 50. Kh3 Qxe7 51. Rxe7 c1=Q 52. f6 Qc3+ 53. Kg4 Qxf6 54. Re4 Qg6+ 55. Kf4 Qxe4+ 0-1

[Event "Early-Titled-Tuesday-Blitz-May-14-2024"]
[Site "Chess.com"]
[Date "2024.05.14"]
[Round "4"]
[White "Andrey_Klymchuk"]
[Black "hongnhung1234"]
[Result "0-1"]
[WhiteElo "2697"]
[BlackElo "2561"]
[TimeControl "180+1"]
[EndTime "8:41:59 PDT"]
[Termination "hongnhung1234 won by checkmate"]

1. e4 c5 2. Nf3 e6 3. g3 Nc6 4. Bg2 Nf6 5. Qe2 d6 6. O-O Be7 7. c3 e5 8. Rd1 O-O 9. d4 cxd4 10. cxd4 Bg4 11. dxe5 Nxe5 12. Bf4 Qb6 13. Nbd2 Rac8 14. Bxe5 dxe5 15. Nc4 Bxf3 16. Bxf3 Qe6 17. Rac1 Bc5 18. b3 h6 19. Ne3 Bxe3 20. Qxe3 b6 21. Be2 Rfd8 22.
Bc4 Qh3 23. Qf3 Qg4 24. Qxg4 Nxg4 25. a4 Nf6 26. f3 Kf8 27. Kf2 Nd7 28. b4 Nb8 29.
Rxd8+ Rxd8 30. Bd5 Ke7 31. Ke3 Na6 32. Rc4 Rd7 33.
f4 f6 34. fxe5 fxe5 35. Kd3 Nc7 36. Ke3 Nxd5+ 37. exd5 Rxd5 38. Ke4 Ke6 39. Rc7 Rd4+ 40. Ke3 Rxb4 41. Rxa7 g5 42. Rh7 Rxa4 43. Rxh6+ Kd5 44. Rxb6 Ra3+ 45. Kf2 Ra2+ 46. Kf3 Rxh2 47. Kg4 Rg2 48. Rb8 e4 49. Rd8+ Ke5 50. Re8+ Kd4 51. Kxg5 e3 52. Kf4 Rf2+ 53. Kg5 e2 54. g4 Kd3 55. Kg6 Rf4 56. Rxe2 Kxe2 57. g5 Ke3 58. Kh7 Ke4 59. g6 Rh4+ 60. Kg8 Kf5 61. Kf7 Ra4 62. g7 Ra7+ 63. Kf8 Kf6 64. g8=Q Ra8# 0-1

[Event "Early-Titled-Tuesday-Blitz-May-14-2024"]
[Site "Chess.com"]
[Date "2024.05.14"]
[Round "4"]
[White "BillCoe"]
[Black "biveklama"]
[Result "0-1"]
[WhiteElo "2178"]
[BlackElo "2558"]
[TimeControl "180+1"]
[EndTime "8:42:02 PDT"]
[Termination "biveklama won by resignation"]

1. e4 c5 2. Nf3 d6 3. d4 cxd4 4. Nxd4 Nf6 5. Nc3 e5 6. Nb3 Ke7 7. Bg5 Be6 8. Be2 a6 9. O-O Nd7 10. f4 h6 11. Bh4 Ke8 12. f5 Bxb3 13. axb3 Be7 14. Kh1 Rc8 15. Rf3 Nc5 16. Bd3 Ng8 17. Bf2 Nf6 18. Qe2 Kf8 19. Rd1 h5 20. Bxc5 Rxc5 21.
Bc4 h4 22. Nd5 b5 23. Nxf6 Bxf6 24. Bd5 b4 25. Bc4 a5 26. Rfd3 Be7 27. Rd5 Qc7 28. h3 Rh6 29. Qd3 Kg8 30. Qe3 Kh7 31.
c3 Kg8 32. cxb4 axb4 33. Qd2 Qb6 34. Ra1 Kh7 35. Ra4 Rxd5 36. Bxd5 Qd4 37. Qxd4 exd4 38. Rxb4 Bf6 39. Bc4 Rh5 40. Bd3 Rg5 41. Rc4 Rg3 42.
Bc2 Re3 43. Kg1 d3 44. Kf2 Re2+ 45. Kf3 Rxc2 46. Ra4 Rxb2 47. Ra1 d2 48. Ke2 Rxb3 49. Rd1 Bg5 50. g3 Rxg3 51. e5 dxe5 52. f6 gxf6 53. Kf2 Rxh3 54. Kg2 Rg3+ 55. Kf2 Rc3 56. Kg2 Rc1 57.
Kf2 Rxd1 58. Ke2 Re1+ 0-1

[Event "Early-Titled-Tuesday-Blitz-May-14-2024"]
[Site "Chess.com"]
[Date "2024.05.14"]
[Round "4"]
[White "Oleksandr_Bortnyk"]
[Black "ReadySkate"]
[Result "0-1"]
[WhiteElo "3046"]
[BlackElo "2726"]
[TimeControl "180+1"]
[EndTime "8:42:03 PDT"]
[Termination "ReadySkate won by resignation"]

1. e4 c5 2. c3 d5 3. exd5 Qxd5 4.
d4 Nc6 5. Be3 Bf5 6. Nf3 e6 7.
c4 Qd8 8. Nc3 Nf6 9. dxc5 Ng4 10.
Nd4 Nxe3 11. fxe3 Bxc5 12. Nxf5 exf5 13. Qxd8+ Rxd8 14. Nd5 Nb4 15. Nxb4 Bxb4+ 16. Kf2 Rd2+ 17. Be2 Bc5 18. Rhd1 f4 19. Rxd2 fxe3+ 20. Ke1 Bb4 21. Bf3 exd2+ 22. Kd1 Kd7 23. Bxb7 Re8 24. Kc2 Bd6 25.
Bf3 h6 26. g3 Re3 27. Bg4+ Kc7 28. Kxd2 Re4 29. Be2 Be5 30. Rb1 a5 31. Bd3 Rg4 32.
b4 axb4 33. Rxb4 h5 34. Ra4 Kb6 35. Ke3 Bd4+ 36. Kf3 Rg5 37. Rb4+ Kc7 38. Be4 Bb6 39. a4 Re5 40. Rb5 Rxb5 41. cxb5 Kd6 42. Kf4 Bg1 43. a5 Bxh2 44. a6 Bg1 45. Kg5 Ke5 46. Bc6 g6 47. Be8 Be3+ 48. Kh4 Ke6 49. Kh3 g5 50. Kg2 g4 51. Kf1 Ke7 52. Ke2 Bb6 53. Bc6 f5 54.
Bb7 Kf6 55. Bc6 Kg5 56. Bd7 f4 57. gxf4+ Kxf4 58. Kf1 Kg3 59. Bc8 Kh2 60. Bf5 g3 61. Be4 h4 62. Ke2 h3 63. Kd3 g2 64. Bxg2 hxg2 65. a7 Bxa7 0-1

[Event "Early-Titled-Tuesday-Blitz-May-14-2024"]
[Site "Chess.com"]
[Date "2024.05.14"]
[Round "4"]
[White "bazar-wokzal"]
[Black "RobertoJBM"]
[Result "0-1"]
[WhiteElo "2615"]
[BlackElo "2846"]
[TimeControl "180+1"]
[EndTime "8:42:05 PDT"]
[Termination "RobertoJBM won by resignation"]

1. e4 c6 2. d4 d5 3. f3 g6 4. Nc3 Bg7 5. Be3 Qb6 6. Na4 Qa5+ 7. c3 dxe4 8. fxe4 e5 9. Nf3 Nd7 10. b4 Qc7 11. Nc5 Ngf6 12. Nxd7 Nxd7 13. Bc4 exd4 14.
cxd4 Nb6 15. Bb3 O-O 16. O-O Qe7 17. Ng5 h6 18. Nxf7 Kh7 19. e5 Be6 20. Nd6 Bxb3 21. Qxb3 Nd5 22. Bd2 a6 23. a4 Rad8 24. b5 axb5 25. axb5 Rd7 26. bxc6 bxc6 27. Rxf8 Qxf8 28. Rf1 Qa8 29. Qh3 Qa7 30. Qg4 Re7 31. Kh1 h5 32.
Qh4 Re6 33. Ne4 Re7 34. Nf6+ Bxf6 35. exf6 Rf7 36. g4 Qa6 37. Rg1 Qe2 38. gxh5 Qf3+ 39. Rg2 Qd1+ 40. Rg1 Qxh5 41. Qxh5+ gxh5 42. Rc1 Rxf6 43.
Kg2 Re6 44. Kf3 Kg6 45. h4 Nf6 46. Bg5 Ng4 47. Rc5 Nh2+ 48. Kg2 Ng4 49. d5 cxd5 50.
Rxd5 Ne5 51. Kg3 Nf7 52. Ra5 Nd6 53. Kf4 Re4+ 54. Kf3 Rd4 55. Ra6 Kf5 56. Be3 Rd5 57.
Rc6 Ne4 58. Rc8 Nf6 59. Rf8 Ke6 60. Bg5 Rf5+ 61. Kg3 Ne4+ 62. Kg2 Rxf8 0-1

[Event "Early-Titled-Tuesday-Blitz-May-14-2024"]
[Site "Chess.com"]
[Date "2024.05.14"]
[Round "4"]
[White "Journey_to_GrandMaster_YT"]
[Black "Arteler"]
[Result "1/2-1/2"]
[WhiteElo "2554"]
[BlackElo "2242"]
[TimeControl "180+1"]
[EndTime "8:42:07 PDT"]
[Termination "Game drawn by repetition"]

1. d4 Nf6 2. Nf3 g6 3. g3 Bg7 4. Bg2 d6 5. O-O O-O 6. b3 Nc6 7. Bb2 a6 8. c4 Rb8 9. d5 Na5 10. Nd4 b5 11. cxb5 axb5 12. b4 Nc4 13. Nc6 Nxb2 14.
Qb3 Qe8 15. Nxb8 Bb7 16. Nc6 Nc4 17. Nc3 Nd2 18. Qd1 Nxf1 19. Nxb5 Nxd5 20. Bxd5 Bxa1 21.
Nxc7 Qd7 22. b5 Qxc7 23. Qxa1 Nd2 24. Qd4 Bxc6 25. Bxc6 Qa5 26. b6 Rb8 27. b7 Qxa2 28. Kg2 Qc4 29. Qb6 Qxe2 30. h4 Qf1+ 31. Kh2 Qb1 32. Qa7 Nf1+ 33. Kg2 Ne3+ 34. fxe3 Qb2+ 35. Kh3 Rxb7 36. Qxb7 Qf6 37. Bg2 Kg7 38. Qf3 Qe6+ 39. g4 Qb3 40. Kg3 Qc2 41. g5 Qd2 42. Qf4 Qe1+ 43. Qf2 Qd1 44. Bf3 Qc1 45. Bg4 Qh1 46.
Qb2+ Kg8 47. Qb8+ Kg7 48. Qb2+ f6 49. Qg2 Qe1+ 50. Qf2 Qc1 51. gxf6+ exf6 52. Bh3 Qc5 53. Bg2 Qe5+ 54. Kh3 Qc3 55. Qf4 Qd2 56. Qd4 Qf2 57.
Qf4 Qd2 58. Qf3 Qd3 59. Qb7+ Kh6 60. Qe4 Qd2 61. Kg3 Qe1+ 62. Kh2 Qd2 63. Qf4+ Kg7 64. Kg3 Qe1+ 65. Kh3 Qd2 1/2-1/2

[Event "Early-Titled-Tuesday-Blitz-May-14-2024"]
[Site "Chess.com"]
[Date "2024.05.14"]
[Round "4"]
[White "LileKoridze"]
[Black "Niktlt"]
[Result "1/2-1/2"]
[WhiteElo "2420"]
[BlackElo "2708"]
[TimeControl "180+1"]
[EndTime "8:42:07 PDT"]
[Termination "Game drawn by repetition"]

1. d4 Nf6 2. c4 e6 3. Nf3 d5 4. g3 c5 5. cxd5 Nxd5 6. Bg2 Nc6 7. O-O Be7 8. e4 Nf6 9. e5 Nd5 10. Nc3 O-O 11. a3 cxd4 12. Nxd4 Nxc3 13. bxc3 Nxe5 14. Bf4 Ng6 15. Be3 e5 16. Nb5 a6 17.
Qxd8 Rxd8 18. Nc7 Rb8 19. Ba7 Bf5 20. Bxb8 Rxb8 21. Nd5 Bc5 22. Ne3 Be6 23. Rab1 b5 24.
a4 Bxe3 25. fxe3 Bc4 26. Rfd1 Ne7 27. axb5 axb5 28. Bf1 Bxf1 29. Kxf1 f6 30. c4 b4 31. c5 Nc6 32. Rd6 Na5 33. Rb6 Rc8 34. R1xb4 Rxc5 35. Ra6 h6 36. Ra7 Nc6 37. Ra8+ Kh7 38.
Rb7 e4 39. Rc7 Rc1+ 40. Kg2 Rc2+ 41. Kh3 Nd4 42. Rxc2 Nxc2 43. Ra4 Nxe3 44. Rxe4 Nd5 45. Re8 Kg6 46. Kg2 f5 47. Re6+ Kf7 48. Re1 Nf6 49.
Re2 g5 50. Re1 Kg6 51. Re2 h5 52. Re6 Kf7 53. Ra6 Ne4 54. Ra5 Kf6 55. Ra6+ Ke5 56. Ra5+ Ke6 57. Ra6+ Nd6 58. Rb6 g4 59. Ra6 Ke5 60.
Ra5+ Ke6 61. Ra6 Kd5 62. Ra5+ Ke4 63. Ra6 Kd5 64. Ra5+ Kc6 65. Ra6+ Kc5 66. Ra5+ Kd4 67. Ra6 Ke5 68. Ra5+ Ke6 69. Ra6 1/2-1/2

[Event "Early-Titled-Tuesday-Blitz-May-14-2024"]
[Site "Chess.com"]
[Date "2024.05.14"]
[Round "4"]
[White "Lion-Al-Messi"]
[Black "Viktoker"]
[Result "1/2-1/2"]
[WhiteElo "2563"]
[BlackElo "2337"]
[TimeControl "180+1"]
[EndTime "8:42:09 PDT"]
[Termination "Game drawn - insufficient material"]

1. e4 e5 2. Nf3 Nc6 3. Bb5 f5 4. Nc3 Nf6 5. exf5 e4 6. Qe2 d5 7. d3 Bb4 8. dxe4 Nxe4 9. O-O Bxc3 10. bxc3 O-O 11. c4 a6 12. cxd5 axb5 13. dxc6 Qd5 14.
Bb2 Bxf5 15. cxb7 Qxb7 16. Rfe1 Rae8 17. Qe3 c5 18. Rad1 c4 19. Nd4 Bd7 20. Nf3 Bf5 21. Qd4 Bg4 22. Re3 Bxf3 23. gxf3 Ng5 24. Qd7 Nxf3+ 25.
Kh1 Qxd7 26. Rxd7 Rxe3 27. Rxg7+ Kh8 28. fxe3 b4 29. Rc7+ Kg8 30. Rxc4 h5 31. Rxb4 Ne1 32. Rf4 Ra8 33. a4 Nxc2 34. Re4 Rb8 35. Bc3 Rb3 36. Bd2 Rd3 37. Ba5 Nxe3 38. Kg1 Nd5 39. Kf2 Ra3 40.
Bd2 Nf6 41. Rd4 Ng4+ 42. Ke2 Nxh2 43. a5 Ng4 44. Rd5 Nf6 45. Rf5 Ne4 46. Bb4 Ra4 47.
Be1 Ra2+ 48. Ke3 Ra1 49. Kxe4 Rxe1+ 50. Kd5 Ra1 51. Kc6 h4 52. Kb6 h3 53. Rh5 Ra3 54.
a6 Kg7 55. Kb7 Kg6 56. Rh8 Kg5 57. a7 Kg4 58. Rg8+ Kh4 59. Rh8+ Kg3 60. Rg8+ Kf2 61. Rf8+ Kg2 62. Rg8+ Kf2 63. Rh8 Kg2 64. Rh6 Rxa7+ 65. Kxa7 h2 66. Rxh2+ Kxh2 1/2-1/2